 Dungeon Crawl Stone Soup version 0.30-a0-726-gd89dcf765f (webtiles) character file.

Game seed: 3866691884557644061

233 porpoise the Shooter (level 6, -4/47 HPs)
             Began as a Human Hunter on Jan 30, 2023.
             Slain by an ogre
             ... wielding a +0 giant club
              (23 damage)
             ... on level 5 of the Dungeon.
             The game lasted 00:08:50 (2449 turns).

porpoise the Shooter (Human Hunter)                 Turns: 2449, Time: 00:08:50

Health: -4/47      AC:  4    Str: 12    XL:     6   Next: 25%
Magic:  6/6        EV: 12    Int:  9    God:
Gold:   218        SH:  0    Dex: 18    Spells: 5/5 levels left

rFire   . . .      SeeInvis .    b - +1 dagger (venom)
rCold   . . .      Faith    .    (no shield)
rNeg    + + .      Spirit   .    n - +2 robe of Hairiness {-Tele rElec rN++ Slay+3}
rPois   .          Reflect  .    (no helmet)
rElec   +          Harm     .    (no cloak)
rCorr   .          Rampage  .    (no gloves)
Will    .....      NoTele   +    (no boots)
Stlth   +++                      (no amulet)
HPRegen 0.27/turn                (no ring)
MPRegen 0.10/turn                (no ring)

@: no status effects
A: no striking features
a: no special abilities


You were on level 5 of the Dungeon.
You visited 1 branch of the dungeon, and saw 7 of its levels.

You collected 218 gold pieces.

Inventory:

Hand Weapons
 a - a +0 shortbow
 b - a +1 dagger of venom (weapon)
 i - a +2 long sword of holy wrath
 u - a +0 rapier of speed
Missiles
 l - 8 poisoned darts
Armour
 c - a +0 leather armour
 g - a +0 ring mail
 n - the +2 robe of Hairiness (worn) {-Tele rElec rN++ Slay+3}
   (You found it on level 2 of the Dungeon)

   Slay:      It affects your accuracy & damage with ranged weapons and melee
   (+3).
   rElec:     It insulates you from electricity.
   rN:        It greatly protects you from negative energy.
   -Tele:     It prevents most forms of teleportation.
Jewellery
 k - a ring of magical power
Wands
 t - a wand of iceblast (10)
Scrolls
 d - 2 scrolls of teleportation
 f - a scroll of immolation
 m - a scroll of torment {unknown}
 o - a scroll of blinking {unknown}
 p - a scroll of enchant armour {unknown}
 q - a scroll of magic mapping
Potions
 e - 2 potions of might
 h - a potion of curing
 r - a potion of haste
 s - a potion of attraction


   Skills:
 + Level 3.4 Fighting
 * Level 5.7 Ranged Weapons
 - Level 2.0 Dodging
 + Level 3.1 Stealth


You had 5 spell levels left.
You didn't know any spells.
Your spell library contained the following spells:

 Spells                   Type           Power      Damage    Failure   Level
 Sublimation of Blood     Necr           0%         N/A       52%         2
 Wereblood                Tmut           0%         N/A       52%         2
 Kindle Blastsparks       Fire/Tloc/Air  0%         2d10      77%         3
 Fulminant Prism          Conj/Hex       0%         3d5       99%         4
 Iskenderun's Mystic Bla  Conj/Tloc      0%         2d3       99%         4
 Lee's Rapid Deconstruct  Erth           0%         3d4*      100%        5
 Summon Hydra             Summ           0%         N/A       100%        7


Dungeon Overview and Level Annotations

Branches:
Dungeon (7/15)
 Temple: D:4-7

Altars:

Shops:
D:1 !


Message History

Things that are here:
a +0 dagger; a +0 robe; an orc corpse The orc priest begs, "Please don't kill me!"
There is a stone staircase leading down here.
There is a stone staircase leading up here.
You climb upwards.
The ogre shouts!
Found a sling.
There is a stone staircase leading down here.
You shoot an arrow. The arrow hits the ogre.
The ogre is moderately wounded.
You shoot an arrow. The arrow hits the ogre.
The ogre is moderately wounded.
You shoot an arrow. The arrow barely misses the scorpion.
You shoot an arrow. The arrow hits the scorpion.
The scorpion is lightly wounded.
You shoot an arrow. The arrow hits the scorpion!
The scorpion is heavily wounded.
The scorpion barely misses you.
You shoot an arrow. The arrow barely misses the scorpion.
The scorpion completely misses you. The ogre barely misses you.
The scorpion misses you.
You shoot an arrow. The arrow hits the scorpion!
You kill the scorpion!
The ogre misses you.
Your Stealth skill increases to level 3!
You have reached level 6!
Your +1 dagger of venom begins to drip with poison!
b - a +1 dagger of venom (weapon)
You hit the ogre.
The ogre is moderately wounded.
The ogre hits you with a +0 giant club!
You are too injured to fight recklessly!
You are too injured to fight recklessly!
You puncture the ogre!
The ogre is poisoned.
The ogre is heavily wounded.
You hit the ogre.
The ogre looks as sick as possible!
The ogre is severely wounded.
The ogre hits you with a +0 giant club!!
You die...

##............
#............
............
...........#
...........#
...........#
......O...#
.......@.)#
###....####
#.... ♣....
♣...♣ ♣♣.♣ .♣
♣♣


You could see an ogre (extremely poisoned).

Vanquished Creatures
  A necrophage (D:7)
  A scorpion (D:5)
  An orc wizard (D:6)
  3 adders
  A worm (D:3)
  2 dart slugs
  An orc (D:3)
  6 ball pythons
  4 endoplasms
  A giant cockroach (D:3)
  2 goblins (D:3)
  5 hobgoblins
  5 jackals
  3 kobolds (D:1)
  2 quokkas
  6 bats
  4 frilled lizards
  5 rats
53 creatures vanquished.

Notes
Turn   | Place    | Note
-------+----------+-------------------------------------------
     0 | D:1      | porpoise the Human Hunter began the quest for the Orb.
     0 | D:1      | Reached XP level 1. HP: 16/16 MP: 1/1
   131 | D:1      | Found Moygotsa's Distillery.
   181 | D:1      | Reached XP level 2. HP: 22/22 MP: 2/2
   557 | D:1      | Reached XP level 3. HP: 27/28 MP: 3/3
   622 | D:2      | Identified the +2 robe of Hairiness {-Tele rElec rN++
                  | Slay+3}
   863 | D:2      | Reached XP level 4. HP: 34/34 MP: 4/4
   867 | D:2      | Found a faded altar of an unknown god.
  2071 | D:3      | Reached skill level 5 in Ranged Weapons
  2350 | D:4      | You fall into a shaft and drop 3 floors!
  2378 | D:7      | Noticed a necrophage
  2385 | D:7      | Killed a necrophage
  2386 | D:7      | Reached XP level 5. HP: 34/41 MP: 5/5
  2421 | D:6      | Noticed a water moccasin
  2438 | D:5      | Entered Level 5 of the Dungeon
  2438 | D:5      | Noticed an ogre
  2446 | D:5      | Reached XP level 6. HP: 29/47 MP: 6/6
  2449 | D:5      | Slain by an ogre

Illustrated notes

Levels and vault maps discovered:
D:1:      giann_horns, layout_basic, serial_shops, nicolae_shop_statue_plus,
          serial_park_tiny_1, minmay_heptomino_l4
D:2:      layout_basic, ebering_ecumenical_altar_box
D:3:      layout_loops_ring, minmay_unequal
D:4:      layout_basic
D:5:      layout_cave_pools, uniq_crazy_yiuf_cottage, uniq_eustachio,
          uniq_blork_the_orc
D:6:      minmay_general_purpose_star, layout_loops_ring, kennysheep_mini_moat,
          minmay_temple_entry_drinking_statues, uniq_menkaure
D:7:      layout_loops_ring, hellmonk_ghost_happy_afterlife,
          hangedman_misty_isle, uniq_prince_ribbit1, uniq_joseph

Skill      XL: |  1  2  3  4  5 |
---------------+----------------+-----
Stealth        | 2 3 |  3.1
Ranged Weapons | 5 |  5.7
Fighting       | 3 |  3.4
Dodging        | |  2.0

Action                     |  1- 3 |  4- 6 || total
---------------------------+-------+-------++-------
  Melee: Long sword        |       |     2 ||     2
         Dagger            |       |     3 ||     3
   Fire: Shortbow          |    61 |    54 ||   115
    Use: Scroll            |       |     7 ||     7
 Armour: Leather armour    |     3 |       ||     3
         Robe              |     2 |     1 ||     3
  Dodge: Dodged            |    10 |    18 ||    28

Table legend: (Time is in decaauts)
 A = Elapsed time spent in this place.
 B = Non-inter-level travel time spent in this place.
 C = Inter-level travel time spent in this place.
 D = Time resting spent in this place.
 E = Time spent auto-exploring this place.
 F = Levels seen in this place.
 G = Mean time per level.
                   A        B        C        D        E       F      G
               +--------+--------+--------+--------+--------+-----+--------+
         Total |   2475 |   2399 |     76 |     40 |   1990 |   7 |  353.6 |
       Dungeon |   2475 |   2399 |     76 |     40 |   1990 |   7 |  353.6 |
               +--------+--------+--------+--------+--------+-----+--------+

Top non-repeatable levels by time:
     D:2: 1069 daAuts
     D:3: 684 daAuts
     D:1: 613 daAuts
     D:7: 67 daAuts
     D:6: 20 daAuts
     D:5: 11 daAuts
     D:4: 8 daAuts
